 Dungeon Crawl Stone Soup version 0.31-a0-435-g2c6fae2916 (webtiles) character file.

Game seed: 17067671243380360641

28 MisterAzrael the Conjurer (level 3, 0/19 HPs)
             Began as a Deep Elf Conjurer on July 22, 2023.
             Constricted to death by a ball python (1 damage)
             ... on level 2 of the Dungeon on Aug 2, 2023.
             The game lasted 00:02:30 (1433 turns).

MisterAzrael the Conjurer (Deep Elf Conjurer)       Turns: 1433, Time: 00:02:31

Health: 0/19       AC:  2    Str:  4    XL:     3   Next: 0%
Magic:  10/10      EV:  9    Int: 24    God:
Gold:   53         SH:  0    Dex: 13    Spells: 7/10 levels left

rFire   . . .        (no weapon)
rCold   . . .        (no shield)
rNeg    . . .        a - +0 robe
rPois   .            (no helmet)
rElec   .            (no cloak)
rCorr   .            (no gloves)
SInv    .            (no boots)
Will    .....        (no amulet)
Stlth   ++           (no ring)
HPRegen 0.23/turn    (no ring)
MPRegen 0.12/turn

%: no passive effects
@: constricted
A: no striking features
a: no special abilities


You were on level 2 of the Dungeon.
You visited 1 branch of the dungeon, and saw 2 of its levels.

You collected 53 gold pieces.

Inventory:

Hand Weapons
 d - a +4 mace
Armour
 a - a +0 robe (worn)
Talismans
 l - a serpent talisman
Scrolls
 c - a scroll of identify {unknown}
 e - a scroll of revelation {unknown}
 f - a scroll of teleportation {unknown}
 g - a scroll of amnesia {unknown}
 h - a scroll of immolation {unknown}
 j - a scroll of enchant weapon {unknown}
 k - a scroll of poison {unknown}
 m - a scroll of fog {unknown}
Potions
 b - a potion of magic
 i - 2 potions of attraction {unknown}


   Skills:
 - Level 2.4 Dodging
 - Level 2.4 Stealth
 + Level 4.0 Spellcasting
 + Level 5.0 Conjurations


You had 7 spell levels left.
You knew the following spells:

 Your Spells              Type           Power      Damage    Failure   Level
a - Magic Dart            Conj           100%       1d8       1%          1
b - Searing Ray           Conj           56%        2d6       1%          2

Your spell library contained the following spells:

 Spells                   Type           Power      Damage    Failure   Level
 Dazzling Flash           Conj/Hex       32%        N/A       11%         3
 Fulminant Prism          Conj/Hex       8%         3d7       34%         4
 Iskenderun's Mystic Bla  Conj/Tloc      16%        2d5       34%         4


Dungeon Overview and Level Annotations

Branches:
Dungeon (2/15)

Altars:


Message History

The bat hits you but does no damage.
The ball python bites you but does no damage.
The ball python closely misses you. The bat barely misses you.
The ball python misses you. The ball python grabs you.
The ball python constricts you. The bat hits you but does no damage.
The ball python closely misses you. The ball python constricts you.
The bat hits you. The ball python barely misses you.
The ball python constricts you. The ball python closely misses you.
The ball python constricts you.
The hobgoblin shouts!
The ball python closely misses you. The ball python constricts you.
The bat hits you but does no damage. The ball python misses you.
The ball python constricts you.
The ball python bites you but does no damage.
The ball python constricts you.
A frilled lizard comes into view.
The bat hits you but does no damage. The bat hits you but does no damage.
The ball python barely misses you. The ball python constricts you.
The bat hits you.
The ball python bites you but does no damage.
The ball python constricts you. The ball python bites you.
The ball python constricts you. The ball python bites you.
The ball python constricts you. The bat completely misses you.
The bat hits you. The ball python bites you. The ball python constricts you.
The hobgoblin hits you. The bat barely misses you. The ball python bites you.
* * * LOW HITPOINT WARNING * * *
The ball python constricts you.
The hobgoblin hits you but does no damage.
The bat hits you but does no damage.
The ball python bites you but does no damage.
The ball python constricts you.
* * * LOW HITPOINT WARNING * * *
The hobgoblin hits you.
* * * LOW HITPOINT WARNING * * *
The ball python bites you but does no damage.
The ball python constricts you.
You die...

#.# #.#
#.# #.#
#.#
#.#######
#........
#...#####
#@S.#
#g.......
#b.......
#........
#........
#........
#........
#........


You could see a hobgoblin, a bat and a ball python.

Vanquished Creatures
  4 ball pythons (D:1)
  5 bats
  An endoplasm (D:1)
  4 goblins (D:1)
  4 hobgoblins
  A quokka (D:1)
  3 kobolds (D:1)
  5 rats (D:1)
27 creatures vanquished.

Notes
Turn   | Place    | Note
-------+----------+-------------------------------------------
     0 | D:1      | MisterAzrael the Deep Elf Conjurer began the quest for the
                  | Orb.
     0 | D:1      | Reached XP level 1. HP: 10/10 MP: 6/6
   279 | D:1      | Reached XP level 2. HP: 15/15 MP: 3/8
   340 | D:1      | Learned a level 2 spell: Searing Ray
  1169 | D:2      | Reached skill level 5 in Conjurations
  1215 | D:2      | Reached XP level 3. HP: 2/19 MP: 8/10
  1407 | D:2      | Upgraded the game from 0.31-a0-344-gd109795599 to
                  | 0.31-a0-435-g2c6fae2916
  1433 | D:2      | Constricted to death by a ball python

Illustrated notes

Levels and vault maps discovered:
D:1:      dpeg_arrival_rhombi, layout_loops_cross
D:2:      layout_basic, wander_ebering_terrifying_dragon_lair

Skill      XL: |  1  2 |
---------------+-------+-----
Spellcasting   | 4 |  4.0
Conjurations   | 5 |  5.0
Dodging        | |  2.4
Stealth        | |  2.4

Action                     || total
---------------------------++-------
  Melee: Unarmed           ||     1
   Cast: Magic Dart        ||    51
 Armour: Robe              ||    17
  Dodge: Dodged            ||    20
   Form: Anaconda          ||     1
                           ||     1

Table legend: (Time is in decaauts)
 A = Elapsed time spent in this place.
 B = Non-inter-level travel time spent in this place.
 C = Inter-level travel time spent in this place.
 D = Time resting spent in this place.
 E = Time spent auto-exploring this place.
 F = Levels seen in this place.
 G = Mean time per level.
                   A        B        C        D        E       F      G
               +--------+--------+--------+--------+--------+-----+--------+
         Total |   1432 |   1402 |     30 |    170 |   1068 |   2 |  716.0 |
       Dungeon |   1432 |   1402 |     30 |    170 |   1068 |   2 |  716.0 |
               +--------+--------+--------+--------+--------+-----+--------+

Top non-repeatable levels by time:
     D:1: 1095 daAuts
     D:2: 337 daAuts
